 Dungeon Sprint DCSS version 0.30-a0-360-g447f08457e (webtiles) character file.

Game seed: 16007939217649100713

717 Pestilence the Fighter (level 7, -10/63 HPs)
             Began as a Demonspawn Gladiator on Nov 13, 2022.
             Was a Believer of Makhleb.
             Mangled by a boulder beetle (15 damage)
             ... in the Dungeon (Sprint IX: "|||||||||||||||||||||||||||||").
             The game lasted 00:01:58 (359 turns).

Pestilence the Fighter (Demonspawn Gladiator)        Turns: 359, Time: 00:01:59

Health: -10/63     AC: 13    Str: 16    XL:     7   Next: 42%
Magic:  7/7        EV: 15    Int:  9    God:    Makhleb [**....]
Gold:   0          SH:  4    Dex: 18    Spells: 6/6 levels left

rFire   . . .      SeeInvis .    a - +0 long sword
rCold   . . .      Faith    .    (no shield)
rNeg    . . .      Spirit   .    p - +2 ring mail
rPois   .          Reflect  .    c - +0 helmet
rElec   .          Harm     .    o - +0 cloak
rCorr   .          Rampage  .    (no gloves)
Will    .....      NoTele   +    (no boots)
Stlth   +.........               (no amulet)
HPRegen 0.30/turn                q - +3 ring of dexterity
MPRegen 0.10/turn                r - +2 ring of protection

@: slowed, very slow
A: hooves 2, large bone plates 1, powered by death 1
a: Renounce Religion, Minor Destruction


You were in the Dungeon.
You worshipped Makhleb.
Makhleb was pleased with you.
You visited 1 branch

Inventory:

Hand Weapons
 a - a +0 long sword (weapon)
Missiles
 d - 3 throwing nets (quivered)
 e - a javelin
Armour
 c - a +0 helmet (worn)
 o - a +0 cloak (worn)
 p - a +2 ring mail (worn)
Jewellery
 q - a +3 ring of dexterity (left hand)
 r - a +2 ring of protection (right hand)
Scrolls
 l - 2 scrolls of amnesia
Potions
 f - a potion of curing
 h - a potion of haste
 i - 4 potions of magic
 j - a potion of invisibility


   Skills:
 + Level 8.4 Fighting
 + Level 8.0 Long Blades
 - Level 1.7 Throwing
 + Level 7.4 Armour
 + Level 8.0 Dodging


You had 6 spell levels left.
You didn't know any spells.
Your spell library was empty.

Dungeon Overview and Level Annotations

Branches:
Dungeon (1/1)

Altars:
Cheibriados
Dithmenos
Fedhas
Gozag
Hepliaklqana
Kikubaaqudgha
Makhleb
Nemelex Xobeh
Okawaru
Qazlal
Ru
Sif Muna
Trog
Uskayaw
Vehumet
Wu Jian
Xom
Yredelemnul
Jiyva
Lugonu


Innate Abilities, Weirdness & Mutations

You have hoof-like feet.
You are partially covered in large bone plates. (SH +4)
You regenerate a little health from kills.


Message History

The boulder beetle bites you!
* * * LOW HITPOINT WARNING * * *
The boulder beetle attacks as you move away!
The boulder beetle bites you but does no damage.
A vampire appears from thin air!
Reactivating autopickup.
Things that are here:
a +0 leather armour; a +0 helmet You feel better.
The boulder beetle barely misses you.
The boulder beetle leaps!
Aiming: Minor Destruction (24% risk of failure)
Press: ? - help, Shift-Dir - straight line, f - wraith, p - boulder beetle
Aim: a wraith (moderately damaged)
The puff of flame hits the wraith but does no damage.
The wraith is moderately damaged.
The wraith completely misses you.
Unknown command.
Unknown command.
Blink to where?
Press: ? - help, Dir - move target, p - wraith
As you read the scroll of blinking, it crumbles to dust.
The boulder beetle barely misses you.
There is an open door here.
The boulder beetle attacks as you move away!
The boulder beetle bites you!
* * * LOW HITPOINT WARNING * * *
The boulder beetle closely misses you.
There is a glowing golden altar of the Shining One here.
You hit the boulder beetle but do no damage.
You kick the boulder beetle, but do no damage.
The boulder beetle is moderately wounded.
The boulder beetle bites you.
* * * LOW HITPOINT WARNING * * *
The vampire casts a spell.
The vampire flickers and vanishes!
Deactivating autopickup; reactivate with Ctrl-A.
You hit the boulder beetle but do no damage.
The boulder beetle is moderately wounded.
The boulder beetle bites you!
You die... ▓▓▓▓▓▓▓▓▓▓▓▓▓▓▓▓▓▓▓▓▓▓▓▓▓▓▓▓▓▓▓▓▓ .D..yV.§.y{.W..B@________________ ▓▓▓▓▓▓▓▓▓▓▓▓▓▓▓▓▓▓▓▓▓▓▓▓▓▓▓▓▓▓▓▓▓

You could see a boulder beetle, a wraith and a vampire mosquito.

Vanquished Creatures
  A wyvern (D)
  A yak (D)
  A wraith (D)
  A centaur (D)
  A necrophage (D)
  A killer bee (D)
  A hound (D)
  An orc wizard (D)
  A gnoll (D)
  An adder (D)
  A dart slug (D)
  An orc (D)
  An endoplasm (D)
  3 frilled lizards (D)
16 creatures vanquished.

Notes
Turn   | Place    | Note
-------+----------+-------------------------------------------
     0 | D        | Pestilence the Demonspawn Gladiator began the quest for the
                  | Orb.
     0 | D        | Reached XP level 1. HP: 16/16 MP: 1/1
    12 | D        | Reached skill level 1 in Armour
    19 | D        | Banished a spatial maelstrom
    50 | D        | Noticed a hound
    50 | D        | Noticed a necrophage
    53 | D        | Killed a necrophage
    54 | D        | Gained mutation: You have large cloven feet. [demonic
                  | ancestry]
    54 | D        | Reached XP level 2. HP: 26/26 MP: 2/2
    54 | D        | Reached XP level 3. HP: 31/31 MP: 3/3
    54 | D        | Gained mutation: You have hoof-like feet. [demonic
                  | ancestry]
    54 | D        | Reached XP level 4. HP: 38/38 MP: 4/4
    58 | D        | Reached skill level 5 in Long Blades
    60 | D        | Reached skill level 5 in Fighting
    60 | D        | Reached skill level 5 in Dodging
    95 | D        | Found a snail-covered altar of Cheibriados.
    95 | D        | Found a shadowy altar of Dithmenos.
    95 | D        | Found a blossoming altar of Fedhas.
    95 | D        | Found an opulent altar of Gozag.
    96 | D        | Found a hazy altar of Hepliaklqana.
    97 | D        | Found a viscous altar of Jiyva.
    98 | D        | Found an ancient bone altar of Kikubaaqudgha.
    99 | D        | Found a corrupted altar of Lugonu.
   100 | D        | Found a burning altar of Makhleb.
   101 | D        | Found a sparkling altar of Nemelex Xobeh.
   102 | D        | Found an iron altar of Okawaru.
   103 | D        | Found a stormy altar of Qazlal.
   104 | D        | Found a sacrificial altar of Ru.
   105 | D        | Found a shimmering blue altar of Sif Muna.
   106 | D        | Found a bloodstained altar of Trog.
   107 | D        | Found a hide-covered altar of Uskayaw.
   108 | D        | Became a worshipper of Makhleb the Destroyer
   109 | D        | Found a radiant altar of Vehumet.
   110 | D        | Found an ornate altar of the Wu Jian Council.
   111 | D        | Found a shimmering altar of Xom.
   112 | D        | Found a basalt altar of Yredelemnul.
   162 | D        | Noticed a wraith
   162 | D        | Noticed a centaur
   162 | D        | Noticed a wyvern
   162 | D        | Noticed a yak
   166 | D        | Reached XP level 5. HP: 22/44 MP: 5/5
   167 | D        | Killed a yak
   168 | D        | Reached skill level 5 in Armour
   168 | D        | Gained mutation: You regenerate a little health from kills.
                  | [demonic ancestry]
   168 | D        | Reached XP level 6. HP: 24/53 MP: 6/6
   181 | D        | Reached * piety under Makhleb
   182 | D        | Killed a wyvern
   183 | D        | Gained mutation: You are partially covered in large bone
                  | plates. (SH +4) [demonic ancestry]
   183 | D        | Reached XP level 7. HP: 33/61 MP: 7/7
   206 | D        | Killed a wraith
   206 | D        | Reached ** piety under Makhleb
   328 | D        | Noticed a boulder beetle
   328 | D        | Noticed a shadow
   328 | D        | Noticed a vampire mosquito
   328 | D        | Noticed a vampire
   328 | D        | Noticed a wraith
   349 | D        | HP: 1/63 [boulder beetle (6)]
   359 | D        | Mangled by a boulder beetle

Illustrated notes

Levels and vault maps discovered:
D:        linesprint [early_d, line_temple, items_1, d_10, items_2, lair_1,
          lair_end, items_3, orc_1, orc_end, items_4, d_15, swamp_1, shoals_1,
          snake_1, spider_1, d_20, vaults_1, items_5, swamp_end, shoals_end,
          snake_end, spider_end, vaults_end, d_27, items_6, zot_1, zot_end,
          crypt_end, forest_end, elf_end, slime_end, tomb_end, abyss_end,
          pan_hell_end]

Skill      XL: |  1  2  3  4  5  6  7 |
---------------+----------------------+-----
Long Blades    | 4 5 6 7 8 |  8.0
Armour         | 3 4 5 6 7 |  7.4
Dodging        | 4 5 6 7 8 |  8.0
Fighting       | 4 5 6 7 8 |  8.4
Throwing       | |  1.7

Action                   |  1- 3 |  4- 6 |  7- 9 || total
-------------------------+-------+-------+-------++-------
Melee: Long sword        |    17 |    21 |    38 ||    76
       Kick              |       |     6 |    14 ||    20
       Punch             |       |     1 |       ||     1
Invok: Minor Destruction |       |       |     1 ||     1
Evoke: Wand              |       |     4 |     6 ||    10
  Use: Potion            |     1 |     2 |     5 ||     8
       Scroll            |       |       |     2 ||     2
Armor: Leather armour    |     3 |     2 |       ||     5
       Ring mail         |       |     4 |    18 ||    22
Dodge: Dodged            |     8 |    17 |    24 ||    49
Block: Other             |       |       |     8 ||     8

Table legend: (Time is in decaauts)
 A = Elapsed time spent in this place.
 B = Non-inter-level travel time spent in this place.
 C = Inter-level travel time spent in this place.
 D = Time resting spent in this place.
 E = Time spent auto-exploring this place.
 F = Levels seen in this place.
 G = Mean time per level.
                   A        B        C        D        E       F      G
               +--------+--------+--------+--------+--------+-----+--------+
         Total |    400 |    400 |      0 |    177 |      0 |   1 |  400.0 |
       Dungeon |    400 |    400 |      0 |    177 |      0 |   1 |  400.0 |
               +--------+--------+--------+--------+--------+-----+--------+

Top non-repeatable levels by time:
       D: 400 daAuts
